Map: Neon Violet Square LE

Players

Worrick

  • Race: Zerg Zerg
  • League: Diamond
  • Spawn Location: 11:00

JaySlays

  • Race: Zerg Zerg
  • Spawn Location: 5:00

ALLYOURBASE

  • Race: Terran Terran

Wolf

  • Race: Terran Terran
  • League: Diamond

VOD

Have the link to the VOD?

Description

Time

  • Played on: April 15, 2018, 7:38 p.m.
  • Length: 14:51
Show
View Real Time Build Order
Export as new Build Order

Worrick Zerg 

Build Orders: Pool First 

Get SALT Encoding   

  12  0:01  Drone  
  13  0:13  Overlord  
  13  0:18  Drone  
  14  0:31  Drone x2  
  14  0:35  Drone  
  17  0:45  Extractor  
  17  0:46  Drone  
  17  0:51  Spawning Pool  
  17  0:56  Drone  
  17  1:19  Hatchery  
  16  1:25  Drone  
  16  1:26  Drone  
  18  1:39  Zergling x2  
  19  1:42  Queen  
  21  1:51  Drone  
  21  1:54  Overlord  
  22  2:01  Extractor  
  21  2:02  Drone  
  22  2:15  Drone  
  23  2:17  Queen  
  25  2:25  Drone  
  26  2:30  Queen  
  26  2:36  Drone  
  29  2:54  Roach Warren  
  28  3:02  Drone x4  
  32  3:06  Drone  
  32  3:18  Drone  
  33  3:30  Drone  
  33  3:32  Overlord x3  
  34  3:36  Drone  
  35  3:51  Evolution Chamber  
  35  3:52  Roach  
  35  3:53  Roach x3  
  42  3:56  Roach  
  44  4:14  Roach  
  44  4:15  Roach x4  
  54  4:20  Zerg Missile Weapons Level 1  
  54  4:24  Overlord  
  54  4:28  Drone  
  54  4:29  Drone  
  54  4:31  Drone  
  57  4:39  Drone x2  
  57  4:40  Drone  
  60  5:07  Zergling x2  
  60  5:08  Zergling x14  
  60  5:10  Metabolic Boost  
  48  5:36  Roach  
  48  5:37  Roach x5  
  60  5:49  Hatchery  
  59  5:56  Roach x3  
  65  5:59  Lair  
  65  6:02  Roach  
  67  6:07  Overlord x3  
  67  6:16  Zerg Ground Armor Level 1  
  67  6:20  Zergling x2  
  66  6:36  Roach  
  66  6:37  Roach x7  
  82  7:11  Hydralisk Den  
  81  7:20  Spore Crawler  
  80  7:32  Drone x7  
  80  7:36  Extractor  
  80  7:37  Extractor  
  84  7:51  Zergling x4  
  84  7:52  Zergling x14  
  84  7:57  Hydralisk x2, Muscular Augments  
  96  8:00  Overlord x5  
  96  8:08  Evolution Chamber, Queen  
  96  8:11  Zerg Missile Weapons Level 2  
  97  8:20  Drone x3  
  97  8:21  Drone x3  
  97  8:24  Hydralisk x4  
  111  8:33  Nydus Network  
  110  8:42  Zerg Ground Armor Level 2  
  110  8:51  Hydralisk x2  
  110  8:52  Hydralisk  
  110  8:53  Zergling x2  
  110  8:54  Zergling x2  
  78  9:36  Hydralisk x9  
  96  9:56  Hydralisk  
  96  9:57  Hydralisk x4  
  96  9:59  Zergling x2  
  109  10:00  Zergling x12  
  113  10:15  Nydus Canal  
  113  10:56  Extractor, Hydralisk  
  114  10:57  Extractor, Hydralisk x10  
  114  11:00  Drone x3  
  114  11:02  Drone x2  
  138  11:05  Overlord  
  138  11:24  Overlord x4  
  138  11:26  Overlord  
  138  11:30  Infestation Pit  
  137  11:35  Grooved Spines  
  137  11:46  Roach x2  
  137  11:47  Roach x2  
  132  12:13  Zergling x18  
  132  12:14  Zergling x8  
  97  12:41  Hydralisk  
  97  12:42  Hydralisk x5  
  109  12:56  Roach  
  109  12:57  Roach x3  
  117  13:05  Hive  
  117  13:21  Zergling x10, Baneling Nest  
  114  13:38  Zergling x2  
  114  13:39  Zergling x16  
  105  14:06  Zergling x2  
  105  14:07  Zergling x18  
  115  14:17  Baneling x10  
  115  14:20  Zergling x2  
  115  14:21  Zergling x2  
  115  14:23  Zergling x2  
Show
View Real Time Build Order
Export as new Build Order

JaySlays Zerg 

Build Orders:  

Get SALT Encoding   

  12  0:01  SCV  
  13  0:13  SCV  
  14  0:18  Supply Depot  
  14  0:25  SCV  
  15  0:40  SCV  
  16  0:43  Barracks  
  16  0:47  Refinery  
  16  0:52  SCV  
  17  1:04  SCV  
  18  1:16  SCV  
  19  1:32  Orbital Command  
  19  1:44  Reaper  
  19  1:46  Command Center  
  20  2:00  SCV  
  21  2:01  Barracks  
  21  2:10  Supply Depot  
  21  2:12  SCV  
  22  2:17  Refinery  
  22  2:32  SCV  
  22  2:33  Barracks Reactor  
  23  2:44  SCV  
  23  2:45  Factory  
  23  2:51  Barracks Reactor  
  23  2:53  Barracks Tech Lab  
  23  2:58  SCV  
  24  3:09  Marine x2  
  24  3:11  SCV  
  27  3:13  Stimpack  
  27  3:14  Marine  
  28  3:29  Starport  
  28  3:31  Marine x2  
  28  3:32  Marine  
  31  3:34  Factory Reactor  
  31  3:40  SCV  
  32  3:43  Orbital Command  
  32  3:49  Marine x2  
  32  3:52  Marine, SCV  
  36  4:03  Supply Depot  
  36  4:04  SCV  
  36  4:07  Marine x2  
  36  4:09  Marine  
  40  4:18  Medivac x2  
  44  4:25  Marine x2  
  44  4:27  Marine, SCV  
  44  4:28  SCV  
  49  4:35  Supply Depot  
  49  4:39  SCV  
  49  4:41  SCV  
  49  4:43  Marine x2  
  49  4:44  Factory Tech Lab  
  53  4:46  Marine  
  54  4:56  Medivac  
  54  4:59  SCV x2  
  58  5:02  Marine x2  
  60  5:11  SCV x2  
  62  5:19  Supply Depot x2  
  62  5:21  Marine  
  61  5:23  SCV x2  
  61  5:26  Medivac  
  62  5:28  Siege Tank  
  60  5:35  Marine, SCV  
  60  5:40  Marine x2  
  60  5:41  SCV  
  60  5:42  Engineering Bay  
  65  5:45  Engineering Bay  
  65  5:54  Supply Depot  
  65  5:58  Barracks  
  65  6:00  Marine  
  65  6:01  Marine x2  
  65  6:03  Siege Tank  
  71  6:04  Medivac  
  71  6:06  SCV  
  71  6:07  SCV  
  75  6:11  Supply Depot  
  75  6:14  Refinery  
  75  6:18  SCV  
  75  6:19  Marine x2  
  75  6:20  Marine  
  75  6:21  Refinery  
  79  6:29  Terran Infantry Weapons Level 1  
  79  6:32  Terran Infantry Armor Level 1  
  79  6:37  Barracks  
  79  6:39  Barracks  
  79  6:40  Marine x2  
  79  6:41  Marine  
  79  6:42  SCV x2  
  84  6:54  SCV  
  85  6:55  Command Center  
  85  6:57  Barracks Reactor  
  85  7:06  Marine  
  85  7:07  Marine x2  
  86  7:09  Siege Tank  
  89  7:19  Combat Shields  
  89  7:24  Marine x2  
  89  7:25  Marine  
  89  7:26  Barracks Reactor  
  89  7:27  Barracks Reactor  
  92  7:49  Supply Depot  
  92  7:51  Supply Depot  
  92  7:54  Marine x2  
  94  8:06  Marine x3  
  94  8:07  Siege Tank, SCV x2  
  94  8:10  Orbital Command  
  102  8:13  Supply Depot  
  102  8:14  Supply Depot  
  102  8:17  Marine x4  
  102  8:18  Marine x2  
  102  8:19  SCV x2, Sensor Tower  
  110  8:23  Refinery  
  110  8:24  Marine x2, Refinery  
  110  8:25  Armory  
  110  8:26  Medivac x2  
  116  8:30  Marine  
  117  8:35  Marine x5  
  117  8:36  Supply Depot  
  117  8:38  SCV x3, Concussive Shells  
  117  8:40  Supply Depot  
  125  8:49  Marine  
  125  8:50  Marine x3, SCV x3  
  125  8:53  Marine  
  133  9:01  Command Center  
  133  9:02  SCV x2  
  135  9:04  Supply Depot  
  135  9:06  Supply Depot  
  135  9:18  SCV x3  
  106  9:38  Marine x5  
  100  9:39  Marine x2  
  100  9:40  Siege Tank  
  100  9:43  Medivac  
  100  9:44  Terran Infantry Armor Level 2, Terran Infantry Weapons Level 2  
  111  9:47  Marine x2  
  113  9:56  Marine x3  
  113  9:59  Marine x4  
  120  10:05  Marine  
  120  10:06  Marauder  
  123  10:07  Terran Vehicle Weapons Level 1  
  123  10:13  Orbital Command  
  123  10:16  Marine  
  123  10:17  Marine x6  
  130  10:23  Marine  
  130  10:27  Marine  
  132  10:38  Missile Turret  
  132  10:39  Missile Turret, SCV x4  
  132  10:41  Marine x8  
  144  10:43  Siege Tank  
  144  10:47  Medivac, Viking  
  151  10:53  SCV  
  152  10:57  Refinery x2  
  152  11:00  Marine x7, Missile Turret  
  152  11:01  Marine x2, Supply Depot, Missile Turret  
  161  11:15  Siege Tank  
  161  11:17  Marine  
  161  11:18  Marine x5  
  165  11:19  Marine  
  165  11:20  Marine  
  165  11:23  Supply Depot  
  165  11:24  Marauder  
  174  11:35  Marine  
  174  11:36  Marine x2  
  177  11:41  Marine x5  
  177  11:43  SCV x3  
  177  11:45  Marauder  
  187  11:53  Marine  
  187  11:54  Marine, Siege Tank  
  192  11:55  Marine  
  192  11:59  Marine x3  
  196  12:07  Marine x2, Marauder  
  195  12:11  Marine x2  
  195  12:13  Marine  
  192  12:17  Barracks x2  
  192  12:22  Barracks  
  192  12:26  Medivac x2, Siege Tank  
  192  12:29  Marine x2, Marauder  
  189  12:30  Marine x5  
  189  12:31  Marine  
  189  12:35  Factory  
  164  12:47  Marine x2  
  166  12:55  Marine x4  
  166  12:56  Marine x3  
  166  12:58  Siege Tank  
  176  13:05  Marine x2  
  178  13:13  Marine x2  
  178  13:18  Marine x4  
  178  13:19  Barracks Reactor x2  
  184  13:20  Marine, Barracks Tech Lab  
  184  13:21  Command Center  
  184  13:23  Marine x2  
  184  13:26  Factory Reactor  
  187  13:27  Factory Tech Lab  
  187  13:30  Marine  
  187  13:32  Marine  
  188  13:36  Marine x4  
  188  13:38  Marine  
  188  13:40  Marine  
  188  13:41  Marine  
  190  13:49  Marine x2  
  190  13:50  Marine, Missile Turret  
  190  13:52  Missile Turret, Siege Tank  
  190  13:53  Marine, Siege Tank  
  200  14:15  Barracks  
  200  14:25  Fusion Core  
  200  14:31  Starport  
Show
View Real Time Build Order
Export as new Build Order

ALLYOURBASE Terran 

Build Orders:  

Get SALT Encoding   

Show
View Real Time Build Order
Export as new Build Order

Wolf Terran 

Build Orders:  

Get SALT Encoding   

Tags
 
Add a new tag
Caveats
  • Supply blocks, unpowered buildings, or Contaminate may cause inaccurate times.
  • Supply counts are checked every 10 seconds.